 Dungeon Crawl Stone Soup version 0.20.1-1-g8b1a95d (console) character file.

14042 hilaritas the Blocker (level 12, -1/106 HPs)
             Began as a Hill Orc Fighter on Aug 5, 2017.
             Was an Elder of Beogh.
             Slain by a stone giant (18 damage)
             ... in a volcano.
             The game lasted 00:28:36 (10360 turns).

hilaritas the Blocker (Hill Orc Fighter)           Turns: 10360, Time: 00:28:37

Health: -1/106     AC: 18    Str: 29    XL:     12   Next: 12%
Magic:  28/28      EV: 14    Int:  8    God:    Beogh [****..]
Gold:   443        SH: 14    Dex: 10    Spells: 9/11 levels left

rFire    + . .     SeeInvis .   P - +1 broad axe
rCold    . . .     Gourm    .   c - +1 shield
rNeg     . . .     Faith    .   I - +1 chain mail {rF+}
rPois    .         Spirit   .   j - +0 helmet (curse)
rElec    +         Reflect  .   K - +0 cloak
rCorr    +         Harm     .   t - +0 pair of gloves
MR       .....                  E - +0 pair of boots
Stlth    ..........             Q - amulet of regeneration
Regen    0.7/turn               l - +6 ring of evasion
MPRegen  0.3/turn               b - ring "Oqoirik" {rCorr rElec MP+9}

@: mighty, hasted, very quick
A: no striking features
a: Smiting, Recall Orcish Followers, Renounce Religion


You were in a volcano.
You worshipped Beogh.
Beogh was greatly pleased with you.
You were hungry.

You visited 2 branches of the dungeon, and saw 13 of its levels.
You visited 1 bazaar.
You also visited: Sewer and Volcano.

You collected 784 gold pieces.
You spent 341 gold pieces at shops.

Inventory:

Hand Weapons
 a - a +1 war axe
 p - a +3 scimitar of flaming
 P - a +1 broad axe (weapon)
Missiles
 g - a throwing net (quivered)
Armour
 c - a +1 shield (worn)
 j - a cursed +0 helmet (worn)
 t - a +0 pair of gloves (worn)
 x - a +1 chain mail of magic resistance
 E - a +0 pair of boots (worn)
 I - a +1 chain mail of fire resistance (worn)
 K - a +0 cloak (worn)
Jewellery
 b - the ring "Oqoirik" (right hand) {rCorr rElec MP+9}
   (You took it off a wight on level 10 of the Dungeon)

   [ring of resist corrosion]

   It insulates you from electricity.
   It affects your magic capacity (+9).
 l - a +6 ring of evasion (left hand)
 u - an uncursed ring of resist corrosion
 z - an uncursed ring of see invisible
 Q - an amulet of regeneration (around neck)
 U - a +3 ring of protection
Wands
 h - a wand of flame (26/48)
 A - a wand of iceblast (7/15)
 J - a wand of paralysis (23/24)
 L - a wand of acid (7/15)
 N - a wand of iceblast (3/15)
 R - a wand of flame (5/48)
 V - a wand of polymorph (10/24)
 W - a wand of polymorph (17/24)
Scrolls
 n - 6 scrolls of teleportation
 q - 5 scrolls of identify
 y - 10 scrolls of remove curse
 B - a scroll of fear
 H - a scroll of blinking
 M - a scroll of enchant armour
 O - 2 scrolls of recharging
Potions
 d - a potion of might
 e - 7 potions of flight
 i - 4 potions of brilliance
 m - 3 potions of ambrosia
 o - a potion of haste
 r - 2 potions of heal wounds
 v - 6 potions of curing
 w - 4 potions of agility
 C - a potion of cancellation
 F - a potion of magic
 S - 3 potions of resistance {unknown}
 T - a potion of degeneration {unknown}
Books
 G - a book of Maledictions

   Spells                             Type                      Level
   a - Corona                         Hexes                        1
   b - Ensorcelled Hibernation        Hexes/Ice                    2
   c - Confuse                        Hexes                        3
   d - Tukima's Dance                 Hexes                        3
   e - Dazzling Spray                 Conjuration/Hexes            3
Comestibles
 f - 13 bread rations
 k - 6 meat rations
 s - a royal jelly
 D - 28 fruits


   Skills:
 - Level 10.0 Fighting
 - Level 10.0 Axes
 + Level 10.0 Armour
 + Level 12.2 Shields
 * Level 10.5 Invocations


You had 9 spell levels left.
You knew the following spells:

 Your Spells              Type           Power        Failure   Level  Hunger
a - Blink                 Tloc           N/A          98%         2    ###....


Dungeon Overview and Level Annotations

Branches:
Dungeon (12/15)            Temple (0/1) D:6            Lair (1/6) D:11
    Orc (0/2) D:11

Altars:
Ashenzari
Cheibriados
Gozag
Hepliaklqana
Kikubaaqudgha
Okawaru
Qazlal
Ru
Trog
Uskayaw
Xom
Zin
The Shining One
Beogh

Shops:
D:5 [   D:8 *


Message History

The stone giant is heavily wounded.
The stone giant hits you!!
* * * LOW HITPOINT WARNING * * *
You feel much better. You block the stone giant's attack.
You feel yourself speed up. The stone giant closely misses you.
You hit the stone giant but do no damage.
The stone giant is heavily wounded.
The stone giant hits you!!
* * * LOW HITPOINT WARNING * * *
You completely miss the stone giant.
The stone giant is heavily wounded.
The stone giant barely misses you.
You hit the stone giant but do no damage.
The stone giant is heavily wounded.
You feel much better. The stone giant hits you!!
* * * LOW HITPOINT WARNING * * *
You slash the stone giant!
The stone giant is severely wounded.
The stone giant hits you!!
You die...

##...≈≈≈≈.
##.§..≈≈≈≈≈
##..§≈≈≈§≈≈≈
#...≈§§≈≈≈≈§
##§..§§§§≈§≈≈
###(§.§≈≈≈≈≈≈≈≈
###(.......≈≈≈≈≈≈
##.(######....§§..
#@≈## ########
#C≈≈≈§§≈#
.)E.§≈§§##
!.[≈≈≈≈≈≈#
#≈$!$≈≈≈≈≈##
≈§≈≈§§§≈### #
§§≈§≈≈≈## #
##§≈≈≈###


You could see a stone giant and an earth elemental.

Vanquished Creatures
  3 two-headed ogres
  Sonja (D:12)
  A manticore (D:12)
  An ugly thing (D:12)
  4 gargoyles
  An efreet (Volcano)
  2 trolls
  2 hippogriffs (D:8)
  7 yaks
  A fire elemental (Volcano)
  A hungry ghost (D:7)
  Edmund (D:6)
  Duvessa (D:7)
  An orc warrior (D:8)
  A porcupine (D:11)
  4 ice beasts
  A hornet zombie (D:12)
  2 sky beasts
  2 black bears
  4 phantoms
  A black bear (shapeshifter) (D:12)
  An eye of draining (D:10)
  5 ogres
  4 centaurs
  A crocodile (D:11)
  Blork the orc (D:4)
  A big kobold (Sewer)
  8 bullfrogs
  An earth elemental (Volcano)
  Dowan (D:7)
  A wyvern skeleton (D:10)
  3 scorpions
  9 killer bees
  14 wights
  A howler monkey (D:8)
  2 crimson imps (D:7)
  A quasit (D:7)
  2 bullfrog zombies
  6 hounds
  2 orc priests
  2 centaur skeletons
  3 jellies
  A gnoll shaman (D:6)
  3 orc wizards
  3 bullfrog skeletons
  3 worker ants
  A killer bee zombie (D:10)
  2 hound zombies
  A howler monkey zombie (D:7)
  A worker ant zombie (D:6)
  8 adders
  5 gnolls
  A river rat (Sewer)
  2 shadow imps
  An ooze (D:3)
  An adder zombie (D:5)
  5 worms
  5 dart slugs
  2 leopard geckos
  7 orcs
  3 bats
  A giant cockroach (D:1)
  5 goblins
  6 hobgoblins
  4 jackals
  2 quokkas
  3 ball pythons
  2 frilled lizards (D:4)
  8 kobolds
  A leopard gecko skeleton (D:4)
  A leopard gecko zombie (D:5)
  6 rats
  2 fungi (D:11)
  A plant (D:11)
208 creatures vanquished.

Vanquished Creatures (collateral kills)
  A two-headed ogre (D:11)
  2 ugly things
  A manticore (D:12)
  A yak (D:12)
  A fire bat (Lair:1)
  A porcupine (D:11)
  2 sky beasts (D:12)
  A black bear (D:11)
  An orc warrior (D:12)
  An ogre (D:12)
  3 centaurs (D:12)
  A big kobold (D:11)
  3 wights (D:12)
  A howler monkey (D:11)
  A crimson imp (D:12)
  A hound (D:12)
  2 orc wizards (D:12)
  A bullfrog skeleton (D:11)
  2 gnolls (D:11)
  A shadow imp (D:12)
  An orc (D:11)
  2 fungi (D:11)
  2 plants (D:11)
33 creatures vanquished.

Vanquished Creatures (others)
  An orc sorcerer (D:12)
  3 orc priests
  An orc wizard (D:3)
  7 orcs
  A goblin (D:3)
  8 fungi (D:11)
  4 plants (D:11)
25 creatures vanquished.

Grand Total: 266 creatures vanquished

Notes
Turn   | Place    | Note
-------+----------+-------------------------------------------
     0 | D:1      | hilaritas the Hill Orc Fighter began the quest for the Orb.
     0 | D:1      | Reached XP level 1. HP: 19/19 MP: 1/1
   339 | D:1      | Reached XP level 2. HP: 26/26 MP: 2/2
   993 | D:2      | Found a bloodstained altar of Trog.
  1136 | D:2      | Reached XP level 3. HP: 31/31 MP: 3/3
  1404 | D:2      | Reached skill level 5 in Axes
  1669 | D:3      | Became a worshipper of Beogh the Brigand
  1694 | D:3      | Found an ancient bone altar of Kikubaaqudgha.
  1722 | D:3      | Reached XP level 4. HP: 30/39 MP: 4/4
  1957 | D:3      | Found a roughly hewn altar of Beogh.
  2122 | D:3      | Found a glowing drain.
  2133 | D:3      | Reached XP level 5. HP: 29/45 MP: 5/5
  2137 | Sewer    | Entered a sewer
  2303 | Sewer    | Noticed a big kobold
  2313 | Sewer    | Killed a big kobold
  2313 | Sewer    | Reached skill level 1 in Invocations
  2328 | Sewer    | Found a white marble altar of Elyvilon.
  2842 | D:4      | Found a shimmering altar of Xom.
  2848 | D:4      | Found a shimmering altar of Xom.
  2848 | D:4      | Found a shimmering altar of Xom.
  2848 | D:4      | Found a shimmering altar of Xom.
  2848 | D:4      | Found a shimmering altar of Xom.
  2849 | D:4      | Found a shimmering altar of Xom.
  2849 | D:4      | Found a shimmering altar of Xom.
  2891 | D:4      | Found a snail-covered altar of Cheibriados.
  2891 | D:4      | Found a shattered altar of Ashenzari.
  2891 | D:4      | Found a hide-covered altar of Uskayaw.
  2891 | D:4      | Found an opulent altar of Gozag.
  2898 | D:4      | Found an iron altar of Okawaru.
  2904 | D:4      | Found a hazy altar of Hepliaklqana.
  2939 | D:4      | Noticed Blork the orc
  2950 | D:4      | Killed Blork the orc
  2950 | D:4      | Reached XP level 6. HP: 38/51 MP: 5/7
  3053 | D:4      | Reached * piety under Beogh
  3498 | D:5      | Entered Level 5 of the Dungeon
  3509 | D:5      | Reached XP level 7. HP: 57/57 MP: 8/8
  3540 | D:5      | Found Meneoj's Antique Armour Shop.
  3544 | D:5      | Bought a glowing chain mail for 127 gold pieces
  3548 | D:5      | Found a sacrificial altar of Ru.
  3554 | D:5      | Bought a pair of boots for 76 gold pieces
  3681 | D:5      | Reached skill level 10 in Axes
  3814 | D:5      | Reached XP level 8. HP: 63/66 MP: 10/10
  4215 | D:6      | Reached skill level 4 in Shields
  4352 | D:6      | Reached skill level 5 in Fighting
  4419 | D:6      | Noticed Edmund
  4432 | D:6      | Killed Edmund
  4774 | D:6      | Found a staircase to the Ecumenical Temple.
  4819 | D:6      | Reached skill level 5 in Invocations
  4831 | D:6      | Reached skill level 5 in Armour
  5064 | D:7      | Reached skill level 5 in Shields
  5067 | D:7      | Reached XP level 9. HP: 56/78 MP: 11/13
  5231 | D:7      | Reached ** piety under Beogh
  5317 | D:7      | Noticed Duvessa
  5318 | D:7      | Noticed Dowan
  5330 | D:7      | Killed Duvessa
  5342 | D:7      | Found a stormy altar of Qazlal.
  5347 | D:7      | Killed Dowan
  5810 | D:7      | Found a stormy altar of Qazlal.
  5818 | D:7      | Reached skill level 6 in Shields
  6178 | D:8      | Found Zin's Purification Station.
  6192 | D:8      | Found a glowing silver altar of Zin.
  6240 | D:8      | Noticed a two-headed ogre
  6252 | D:8      | Killed a two-headed ogre
  6252 | D:8      | Reached skill level 7 in Shields
  6252 | D:8      | Reached XP level 10. HP: 61/91 MP: 15/15
  6430 | D:8      | Found a glowing golden altar of the Shining One.
  7209 | D:9      | Learned a level 2 spell: Blink
  7878 | D:10     | Entered Level 10 of the Dungeon
  7956 | D:10     | Reached skill level 10 in Fighting
  8011 | D:10     | Reached skill level 8 in Shields
  8015 | D:10     | Reached *** piety under Beogh
  8017 | D:10     | Got a sparkling glass ring
  8019 | D:10     | Identified the ring "Oqoirik" {rCorr rElec MP+9} (You took it off a wight on level 10 of the Dungeon)
  8080 | D:10     | Noticed a gargoyle
  8087 | D:10     | Killed a gargoyle
  8322 | D:10     | Noticed a gargoyle
  8334 | D:10     | Killed a gargoyle
  8665 | D:11     | Reached skill level 9 in Shields
  8707 | D:11     | Found a staircase to the Lair.
  8712 | D:11     | Reached XP level 11. HP: 99/99 MP: 17/17
  8726 | D:11     | Noticed a two-headed ogre
  8743 | D:11     | Killed a two-headed ogre
  8975 | D:11     | Noticed a two-headed ogre
  8985 | D:11     | Killed a two-headed ogre
  8985 | D:11     | Reached skill level 10 in Shields
  9046 | D:11     | Noticed a two-headed ogre
  9059 | D:11     | Killed a two-headed ogre
  9148 | D:11     | Found a staircase to the Orcish Mines.
  9168 | D:11     | Noticed a purple ugly thing
  9179 | D:11     | Killed a purple ugly thing
  9375 | D:11     | Reached **** piety under Beogh
  9375 | D:11     | Gained Zorug as an ally
  9457 | D:12     | Noticed a green ugly thing
  9461 | D:12     | Noticed a brown ugly thing
  9462 | D:12     | Killed a green ugly thing
  9474 | D:12     | Your ally Zorug died
  9477 | D:12     | Killed a brown ugly thing
  9480 | D:12     | Reached skill level 11 in Shields
  9501 | D:12     | Noticed a manticore
  9512 | D:12     | Killed a manticore
  9546 | D:12     | Reached skill level 10 in Invocations
  9558 | D:12     | Found a flickering gateway to a bazaar.
  9572 | Bazaar   | Entered a bazaar
  9604 | Bazaar   | Found Veaces's Weapon Boutique.
  9608 | Bazaar   | Found Zahuqeng's Antique Weapon Boutique.
  9608 | Bazaar   | Found Xawusi's Antique Weapon Boutique.
  9609 | Bazaar   | Found Tistrasche's Jewellery Boutique.
  9656 | Bazaar   | Bought a glowing hand axe for 138 gold pieces
  9736 | D:12     | Noticed Sonja
  9740 | D:12     | Killed Sonja
  9743 | D:12     | Noticed a manticore
  9746 | D:12     | Killed a manticore
  9746 | D:12     | Reached XP level 12. HP: 60/106 MP: 19/19
  9759 | D:12     | Gained Argrim as an ally
 10187 | Lair:1   | Entered Level 1 of the Lair of Beasts
 10201 | Lair:1   | Found a dark tunnel.
 10202 | Lair:1   | Reached skill level 12 in Shields
 10210 | Volcano  | Entered a volcano
 10240 | Volcano  | Reached skill level 10 in Armour
 10339 | Volcano  | Noticed a stone giant
 10360 | Volcano  | Slain by a stone giant

Skill      XL: |  1  2  3  4  5  6  7  8  9 10 11 12 |
---------------+-------------------------------------+-----
Axes           | 3 4 5 6 8 9 10 | 10.0
Invocations    | 1 2 3 5 7 8 10 | 10.5
Fighting       | 4 6 9 10 | 10.0
Armour         | 4 5 7 8 9 10 | 10.0
Shields        | 5 7 9 11 12 | 12.2

Action                   |  1- 3 |  4- 6 |  7- 9 | 10-12 || total
-------------------------+-------+-------+-------+-------++-------
Melee: War axe           |   103 |    95 |   309 |       ||   507
       Broad axe         |       |       |       |   483 ||   483
Throw: Throwing net      |       |       |     2 |       ||     2
Invok: Convert to Beogh  |     1 |       |       |       ||     1
       Smiting           |       |       |       |     2 ||     2
  Use: Scroll            |       |    10 |    11 |     9 ||    30
       Potion            |       |       |       |     7 ||     7
 Stab: Distracted        |       |       |       |     2 ||     2
       Paralysed         |       |       |       |     2 ||     2
  Eat: Chunk             |     3 |     8 |    17 |     5 ||    33
Armor: Scale mail        |    29 |       |       |       ||    29
       Chain mail        |    20 |    34 |   139 |   158 ||   351
Dodge: Dodged            |    29 |    10 |    88 |   229 ||   356
Block: Shield            |    50 |    33 |   177 |   336 ||   596
